 Dungeon Crawl Stone Soup version 0.22.0-25-g7663229 (webtiles) character file.

96 Amnesiac the Gusty (level 4, -4/30 HPs)
             Began as a Mummy Air Elementalist on Aug 20, 2018.
             Slain by an iguana (8 damage)
             ... on level 7 of the Dungeon.
             The game lasted 00:03:30 (1004 turns).

Amnesiac the Gusty (Mummy Air Elementalist)         Turns: 1004, Time: 00:03:31

Health: -4/30      AC:  4    Str: 11    XL:     4   Next: 41%
Magic:  4/9        EV: 11    Int: 15    God:
Gold:   33         SH:  0    Dex: 12    Spells: 3/10 levels left

rFire    x . .     SeeInvis .   b - +0 short sword
rCold    + . .     Gourm    .   (no shield)
rNeg     + + +     Faith    .   d - +0 leather armour (curse)
rPois    ∞         Spirit   .   e - +0 helmet
rElec    .         Reflect  .   (no cloak)
rCorr    .         Harm     .   (no gloves)
MR       .....                  (no boots)
Stlth    +.........             (no amulet)
HPRegen  0.10/turn              (no ring)
MPRegen  0.11/turn              (no ring)

@: no status effects
A: no food or potions, fire vulnerability, cold resistance 1, negative energy
resistance 3, torment resistance, unbreathing
a: no special abilities


You were on level 7 of the Dungeon.
You were not hungry.

You visited 1 branch of the dungeon, and saw 5 of its levels.

You collected 33 gold pieces.

Inventory:

Hand Weapons
 b - a +0 short sword (weapon)
Armour
 d - a cursed +0 leather armour (worn)
 e - a +0 helmet (worn)
Scrolls
 c - 2 scrolls of magic mapping {!r, unknown}


   Skills:
 - Level 1.5 Dodging
 - Level 1.5 Stealth
 + Level 3.8 Spellcasting
 - Level 0.7 Conjurations
 * Level 3.9 Air Magic


You had 3 spell levels left.
You knew the following spells:

 Your Spells              Type           Power        Failure   Level  Hunger
a - Shock                 Conj/Air       #...         10%         1    N/A
d - Airstrike             Air            ##........   43%         4    N/A
z - Swiftness             Chrm/Air       #.......     16%         2    N/A

Your spell library contained the following spells:

 Spells                   Type           Power        Failure   Level  Hunger
 Static Discharge         Conj/Air       #.......     28%         3    N/A
 Lightning Bolt           Conj/Air       #.........   95%         5    N/A

Dungeon Overview and Level Annotations

Branches:
Dungeon (4/15)
 Temple: D:4-7

Altars:

Annotations:
D:3 Jessica


Innate Abilities, Weirdness & Mutations

You do not eat or drink.
Your flesh is vulnerable to fire.
You are immune to poison.
Your flesh is cold resistant. (rC+)
You are immune to negative energy. (rN+++)
You are immune to unholy pain and torment.
You can survive without breathing.


Message History

The zap hits the centaur skeleton.
The centaur skeleton is heavily damaged.
The zap hits the centaur skeleton.
The centaur skeleton is heavily damaged.
The centaur skeleton hits you but does no damage.
The orc wizard appears out of thin air!
An orc wizard comes into view. It is wielding a spear.
The centaur skeleton hits you but does no damage.
Casting: Shock (safe; 10% risk of failure)
Confirm with . or Enter, or press ? or * to list all spells.
Aiming: Shock (safe; 10% risk of failure)
Press: ? - help, Shift-Dir - straight line, f - centaur skeleton
Aim: a centaur skeleton (heavily damaged)
Okay, then.
Okay, then.
Casting: Shock (safe; 10% risk of failure)
Confirm with . or Enter, or press ? or * to list all spells.
Aiming: Shock (safe; 10% risk of failure)
Press: ? - help, Shift-Dir - straight line, f - centaur skeleton
Aim: a centaur skeleton (heavily damaged)
Okay, then.
Casting: Shock (safe; 10% risk of failure)
Confirm with . or Enter, or press ? or * to list all spells.
Aiming: Shock (safe; 10% risk of failure)
Press: ? - help, Shift-Dir - straight line
Okay, then.
Casting: Shock (safe; 10% risk of failure)
Confirm with . or Enter, or press ? or * to list all spells.
Aiming: Shock (safe; 10% risk of failure)
Press: ? - help, Shift-Dir - straight line The zap hits the centaur skeleton.
The centaur skeleton is severely damaged.
The zap hits the centaur skeleton.
The centaur skeleton is severely damaged.
The centaur skeleton hits you but does no damage.
The centaur skeleton closely misses you.
Casting: Shock (safe; 10% risk of failure)
Confirm with . or Enter, or press ? or * to list all spells.
Aiming: Shock (safe; 10% risk of failure)
Press: ? - help, Shift-Dir - straight line The zap hits the centaur skeleton.
The centaur skeleton is almost destroyed.
The zap hits the centaur skeleton.
The centaur skeleton is almost destroyed.
The zap hits the hungry ghost.
The hungry ghost is lightly damaged.
The zap hits the hungry ghost.
The hungry ghost is lightly damaged.
The centaur skeleton misses you. The hungry ghost hits you.
* * * LOW HITPOINT WARNING * * *
Unknown command.
Casting: Shock (safe; 10% risk of failure)
Confirm with . or Enter, or press ? or * to list all spells.
Aiming: Shock (safe; 10% risk of failure)
Press: ? - help, Shift-Dir - straight line The zap hits the centaur skeleton.
You destroy the centaur skeleton!
The zap misses the hungry ghost.
The zap hits the hungry ghost.
The hungry ghost is moderately damaged.
The hungry ghost hits you.
* * * LOW HITPOINT WARNING * * *
Unknown command.
The iguana bites you!
You die...

#.....###........
#.....##.........% ##
###.....#...........
.......................
(...##.....##..........
...........##(.........
.....#.....###........#
...........#.......:>##
...#.#@###..#.$.......
........lW..######....#
.......###### ..###
....#.. .# ... #.. # #.
#.. . #.# ..


You could see a hungry ghost and an iguana.

Vanquished Creatures
  A centaur skeleton (D:7)
  A bullfrog skeleton (D:4)
  An adder (D:2)
  An ooze (D:3)
  4 bats
  A giant cockroach (D:3)
  2 goblins
  2 hobgoblins
  5 jackals
  3 kobolds
  A quokka (D:3)
  A ball python (D:3)
  A frilled lizard (D:2)
  A rat (D:2)
25 creatures vanquished.

Notes
Turn   | Place    | Note
-------+----------+-------------------------------------------
     0 | D:1      | Amnesiac the Mummy Air Elementalist began the quest for the Orb.
     0 | D:1      | Reached XP level 1. HP: 13/13 MP: 4/4
   233 | D:2      | Reached XP level 2. HP: 17/19 MP: 0/5
   270 | D:2      | Learned a level 2 spell: Swiftness
   566 | D:3      | Reached XP level 3. HP: 21/24 MP: 0/7
   674 | D:3      | Noticed Jessica
   890 | D:4      | Reached XP level 4. HP: 19/30 MP: 4/9
   941 | D:4      | Learned a level 4 spell: Airstrike
   974 | D:4      | You fall through a shaft for 3 floors!
   974 | D:7      | Identified a paperback manual
   974 | D:7      | Noticed a hungry ghost
   979 | D:7      | Noticed a centaur warrior zombie
  1004 | D:7      | Slain by an iguana

Skill      XL: |  1  2 |
---------------+-------+-----
Spellcasting   | 3 |  3.8
Air Magic      | 3 |  3.9
Dodging        | |  1.5
Stealth        | |  1.5
Conjurations   | |  0.7

Action                   |  1- 3 |  4- 6 || total
-------------------------+-------+-------++-------
Melee: Short sword       |     2 |       ||     2
 Cast: Shock             |    44 |     7 ||    51
Armor: Robe              |     2 |       ||     2
       Leather armour    |     5 |     4 ||     9
Dodge: Dodged            |    20 |     4 ||    24
